[Event "21st Alekhine FIDE 2017"]
[Site "Voronezh"]
[Date "2017.06.13"]
[Round "2"]
[White "Kozlov, Sergej A."]
[Black "Stepanyan, Eva"]
[Result "1-0"]
[ECO "E18"]
[WhiteElo "2072"]
[BlackElo "1856"]
[Annotator "NA RC"]
[PlyCount "43"]
[EventDate "2017.??.??"]
[EventType "swiss"]
[EventCountry "RUS"]
[SourceTitle "playchess.com"]
[Source "ChessBase"]
[SourceQuality "1"]
[TimeControl "40/5400+30:1800+30"]

1. d4 Nf6 2. c4 e6 3. Nf3 b6 4. g3 Bb7 5. Bg2 Be7 6. O-O O-O 7. Nc3 d5 8. cxd5 exd5 9. Ne5 Na6 10. a3 c5 {[%emt 0:01:55] LiveBook: 21 Games} 11. Qd3 $146 {[%emt 0:02:06] E12: Queen's Indian: Unusual White 4th moves, 4 a3, 4 Nc3 Bb7 5 a3 and 4 Nc3 Bb7} ({Predecessor:} 11. Bf4 Nc7 12. dxc5 bxc5 13. Nc4 Ne6 14. Be5 Ne4 15. Nxe4 dxe4 16. Qc2 f5 17. Qb3 Qd5 18. Rfd1 Nd4 19. Bxd4 cxd4 20. Na5 Bf6 21. Qxb7 Qxa5 {½-½ (34) Simantsev,M (2464)-Eggleston,D (2407) Orlova 2014}) 11... Re8 12. e3 Nc7 13. Rd1 cxd4 (13... Bd6 $11) 14. exd4 Bd6 15. Bf4 h6 16. Qf5 Bc8 17. Qc2 Bb7 18. Re1 Ne6 19. Rad1 Nxf4 20. gxf4 Qc8 21. Qd3 $11 Qg4 22. Nxg4 1-0

[Event "21st Alekhine FIDE 2017"]
[Site "Voronezh"]
[Date "2017.06.13"]
[Round "2"]
[White "Novikov, Sergey D."]
[Black "Maraktanov, Andrey"]
[Result "1-0"]
[ECO "A65"]
[WhiteElo "2061"]
[BlackElo "1821"]
[Annotator "NA RC"]
[PlyCount "65"]
[EventDate "2017.??.??"]
[EventType "swiss"]
[EventCountry "RUS"]
[SourceTitle "playchess.com"]
[Source "ChessBase"]
[SourceQuality "1"]
[TimeControl "40/5400+30:1800+30"]

1. d4 Nf6 2. c4 c5 3. d5 e6 4. Nc3 exd5 5. cxd5 d6 6. e4 a6 7. a4 g6 {[%emt 0:00:04] A65: Modern Benoni: 6 e4} 8. Be2 Bg7 {[%emt 0:00:30] LiveBook: 8 Games} 9. Nf3 Bg4 10. Nd2 (10. O-O O-O 11. h3 Bxf3 12. Bxf3 Nbd7 13. Re1 Re8 14. Bf4 Qc7 15. a5 Rac8 16. Qc2 c4 {½-½ (16) Nyzhnyk,I (2625)-Erdos,V (2650) Mamaia 2013}) 10... Bxe2 11. Qxe2 O-O 12. Nc4 Qe7 (12... Nbd7 $11 {keeps the balance.}) 13. O-O (13. Bf4 $16 Rd8 14. Bxd6 Rxd6 15. Nxd6) 13... Nbd7 14. Bf4 Ne8 $1 15. Rfe1 Ne5 16. Nb6 $146 ({Predecessor:} 16. Nxe5 Bxe5 17. Bh6 Qh4 18. Qd2 Qxh2+ 19. Kf1 Ng7 20. Ke2 Qxg2 21. Rh1 Bxc3 22. Qxc3 Qxe4+ 23. Kd2 Qxd5+ 24. Kc2 Nf5 25. Rad1 Qe4+ 26. Kb3 b5 27. Rh5 Qxa4# {0-1 (27) Southam,D (2129)-Findlay,I (2328) Guelph 2002}) 16... Rd8 17. Bg3 g5 18. Nd1 Bf6 19. Ne3 Ng7 20. a5 Rfe8 21. Qd2 h5 22. f4 gxf4 23. Bxf4 Ng6 24. Nf5 Nxf5 25. exf5 Bd4+ 26. Kh1 Ne5 27. Ra3 f6 $2 (27... Qh4 $1 $14 28. Rh3 Qf2 29. Qxf2 Bxf2) 28. Rg3+ Kf7 29. Bxe5 fxe5 30. Qh6 Rg8 31. Qh7+ Kf6 32. Rg6+ Kxf5 33. Rg7+ 1-0

[Event "21st Alekhine FIDE 2017"]
[Site "Voronezh"]
[Date "2017.06.13"]
[Round "2"]
[White "Zisin, Oleg"]
[Black "Lepaev, Andrey"]
[Result "1/2-1/2"]
[ECO "C56"]
[WhiteElo "1870"]
[BlackElo "2059"]
[Annotator "NA RC"]
[PlyCount "81"]
[EventDate "2017.??.??"]
[EventType "swiss"]
[EventCountry "RUS"]
[SourceTitle "playchess.com"]
[Source "ChessBase"]
[SourceQuality "1"]
[TimeControl "40/5400+30:1800+30"]

1. e4 e5 2. Nf3 Nc6 3. d4 exd4 4. Bc4 Nf6 5. O-O Nxe4 6. Re1 d5 7. Bxd5 Qxd5 8. Nc3 Qa5 9. Nxe4 Be6 10. Neg5 O-O-O 11. Nxe6 fxe6 12. Rxe6 {[%emt 0:00:03] LiveBook: 147 Games} h6 $14 13. Qe2 g5 14. Qe4 Qd5 15. Bd2 Bg7 16. Qxd5 Rxd5 17. Rae1 Rc5 18. Rg6 Rh7 19. h4 gxh4 20. Re8+ Kd7 21. Rg8 Be5 22. Nxe5+ Nxe5 23. R6g7+ Rxg7 24. Rxg7+ Ke6 25. c3 d3 26. b3 a5 27. f4 Nf7 28. Kf2 Rh5 29. g4 hxg3+ 30. Rxg3 Nd6 31. Rxd3 Rh2+ 32. Kg1 Rh4 33. Kg2 Nf5 34. c4 Rg4+ 35. Kf2 h5 36. Rh3 h4 37. Kf3 Rg1 38. Bxa5 b6 39. Bc3 Rf1+ 40. Kg4 Rg1+ 41. Kf3 1/2-1/2

[Event "21st Alekhine FIDE 2017"]
[Site "Voronezh"]
[Date "2017.06.13"]
[Round "2"]
[White "Ter-Saakian, Grigorii"]
[Black "Kondaurov, Yury"]
[Result "0-1"]
[ECO "A62"]
[WhiteElo "1844"]
[BlackElo "2046"]
[Annotator "NA RC"]
[PlyCount "76"]
[EventDate "2017.??.??"]
[EventType "swiss"]
[EventCountry "RUS"]
[SourceTitle "playchess.com"]
[Source "ChessBase"]
[SourceQuality "1"]
[TimeControl "40/5400+30:1800+30"]

1. d4 Nf6 2. Nf3 c5 3. d5 e6 4. c4 exd5 5. cxd5 d6 6. Nc3 g6 7. g3 Bg7 8. Bg2 O-O 9. O-O Re8 10. Nd2 Na6 (10... Nbd7 $11 {keeps the balance.}) 11. Nc4 Nc7 {[%emt 0:00:12] LiveBook: 13 Games} 12. a4 {[%emt 0:00:03] A62: Modern Benoni: Fianchetto Variation without early ...Nbd7} b6 13. e4 ({White should play} 13. Bf4 $16 Bf8 14. Re1 Nh5 15. Bd2 Ba6 16. b3 Qd7 17. e4 Bg7 18. Qc2 Rad8 19. h3 Qc8 20. g4 Nf6 21. Rad1 Bxc4 22. bxc4 {0-1 (59) Gordievsky,D (2491)-Ponkratov,P (2610) Kaliningrad 2015}) 13... Ba6 14. Qb3 Bxc4 15. Qxc4 a6 16. Bf4 Rb8 17. Rad1 $146 ({Predecessor:} 17. Qd3 b5 18. axb5 axb5 19. Rfe1 b4 20. Na4 Ng4 21. Qc2 {0-1 (35) Henrichsen,J (2150)-Auchenberg,P (2160) Copenhagen 1994}) 17... b5 18. axb5 axb5 19. Qd3 c4 20. Qc2 {[%emt 0:00:06] [#]} Na6 $1 21. Rfe1 Nb4 22. Qb1 Nd3 23. Rxd3 cxd3 24. Qxd3 Qd7 ({Black should try} 24... Ng4 $17) 25. Bf1 Nh5 26. Bc1 b4 27. Ne2 Nf6 28. f3 Qb7 29. Be3 Nd7 30. Bd4 (30. Qb3 $15) 30... Ne5 31. Bxe5 Bxe5 32. b3 Ra8 33. f4 Bg7 34. Bg2 Ra2 35. Kf1 Qb6 36. Bf3 $19 (36. Rd1) 36... Rc8 37. Bg2 Rcc2 38. Qf3 Bc3 0-1

[Event "21st Alekhine FIDE 2017"]
[Site "Voronezh"]
[Date "2017.06.14"]
[Round "3"]
[White "Kondaurov, Yury"]
[Black "Sokolovsky, Victor"]
[Result "1-0"]
[ECO "A14"]
[WhiteElo "2046"]
[BlackElo "1896"]
[Annotator "NA RC"]
[PlyCount "93"]
[EventDate "2017.??.??"]
[EventType "swiss"]
[EventCountry "RUS"]
[SourceTitle "playchess.com"]
[Source "ChessBase"]
[SourceQuality "1"]
[TimeControl "40/5400+30:1800+30"]

1. Nf3 d5 2. c4 e6 3. g3 Nf6 4. Bg2 Be7 5. O-O O-O 6. b3 c5 {[%emt 0:01:00] LiveBook: 1504 Games} 7. Bb2 Nc6 8. e3 Qc7 9. Nc3 Rd8 {[%emt 0:01:40] A14: English Opening: 1...e6 with b3 by White} 10. Qe2 a6 (10... b6 11. Rac1 dxc4 12. bxc4 Bb7 13. Rfd1 Rac8 14. d4 cxd4 15. exd4 Ba6 16. Nb5 Qb8 17. a4 Bb7 18. d5 exd5 19. Ne5 Na5 20. Bh3 dxc4 21. Nd7 Nxd7 22. Qxe7 {0-1 (37) Sambuev,B (2523)-Dervishi,E (2538) Istanbul 2012}) 11. d3 b6 12. Rfd1 Bb7 13. cxd5 exd5 14. d4 Rac8 $146 ({Predecessor:} 14... b5 15. dxc5 Bxc5 16. Rac1 Qb6 17. Ng5 Ne7 18. Nb1 {½-½ (18) Dobos,J (2272)-Dudas,E (2253) Hungary 2012}) 15. dxc5 Bxc5 16. Rac1 Qe7 17. Na4 Ne4 (17... d4 $1 $11 {keeps the balance.}) 18. Nh4 Ne5 $2 (18... g6 $16) 19. Nxc5 bxc5 20. f4 Ng6 21. Nf5 $1 Qc7 22. Bxe4 dxe4 23. Nxg7 Rd3 24. Nf5 Rcd8 25. Nh6+ Kf8 26. Qc2 Qd6 27. Re1 Ne7 28. Ng4 Rd2 $2 (28... f5 {is a better chance.}) 29. Qc3 Qg6 30. Nf2 $2 (30. Qh8+ Ng8 31. Rxc5 Rxb2 32. Qxb2) 30... Qh6 (30... f6 $142 31. Ba3 (31. Qxf6+ Qxf6 32. Bxf6 Rxa2 $18) 31... R2d7 32. Bxc5 Kg7) 31. Qh8+ Ng8 32. Ba3 f6 33. Rxc5 Kf7 34. Rc7+ R8d7 35. Rec1 Qh5 (35... Qg7 $142 36. Qxg7+ Kxg7) 36. Rxd7+ $2 (36. Bb4 R2d5 37. R1c5) 36... Rxd7 37. g4 Qh4 $2 (37... Qg6 38. Rc4 h5 39. Qxh5 Qxh5 40. gxh5 f5) 38. Rc2 $2 (38. Rc5 a5 39. Rh5 Qxh5 40. gxh5) 38... a5 $2 (38... Qh6 39. h3 Qg7 40. Qxg7+ Kxg7) 39. Bb2 (39. Rc5 $142) 39... Ba6 40. Kg2 (40. g5 {[#] leads to mate.} Rd1+ $1 41. Kg2 Bf1+ 42. Kh1 Bh3+ 43. Nxd1 Qe1#) 40... Kf8 41. h3 Kf7 42. g5 Qh5 43. gxf6 Qg6+ 44. Kh2 Ke8 45. Ng4 h5 46. Ne5 $18 Qh7 47. Nxd7 1-0

[Event "21st Alekhine FIDE 2017"]
[Site "Voronezh"]
[Date "2017.06.14"]
[Round "3"]
[White "Filippov, Ivan"]
[Black "Buyukli, Egor"]
[Result "1/2-1/2"]
[ECO "E70"]
[WhiteElo "2041"]
[BlackElo "1749"]
[Annotator "NA"]
[PlyCount "69"]
[EventDate "2017.??.??"]
[EventType "swiss"]
[EventCountry "RUS"]
[SourceTitle "playchess.com"]
[Source "ChessBase"]
[SourceQuality "1"]
[TimeControl "40/5400+30:1800+30"]

1. d4 Nf6 2. c4 g6 3. Nc3 Bg7 4. e4 O-O 5. f3 c6 6. Bd3 {[%emt 0:01:33] E70: King's Indian: Miscellaneous lines with 4 e4, including 5 Nge2 and 5 Bd3 0-0 6 Nge2} d5 {[%emt 0:00:53] LiveBook: 3 Games} 7. cxd5 cxd5 8. e5 Ne8 9. Nge2 f6 $146 ({Predecessor:} 9... Nc6 10. O-O f6 11. f4 Nc7 12. Be3 fxe5 13. fxe5 Rxf1+ 14. Qxf1 {½-½ (31) Van der Sterren,P (2475)-Rogers,I (2545) Sydney 1991}) 10. f4 fxe5 11. dxe5 Nc7 12. O-O Nc6 13. Be3 e6 (13... Bh6 $14) 14. Nb5 (14. Nd4 $16) 14... Nxb5 15. Bxb5 Bd7 16. Bd3 (16. Bxc6 $5 Bxc6 17. Nd4 $14) 16... Rc8 17. a3 Qe7 18. b4 b6 19. Ba6 Rc7 20. Rc1 Bc8 21. Bb5 Bb7 22. Qd2 Rfc8 23. Rc3 Qd8 24. Bxc6 (24. Ba4 $16) 24... Rxc6 25. Rxc6 Bxc6 26. Nd4 Bd7 27. Rc1 Rc7 28. Rxc7 Qxc7 29. Qc2 Qxc2 30. Nxc2 Kf7 (30... g5 $5) 31. Kf2 Bf8 (31... g5 $5) 32. Bd2 Ba4 (32... a5 $5) 33. Nd4 a5 34. Bc3 axb4 $11 35. axb4 1/2-1/2

[Event "21st Alekhine FIDE 2017"]
[Site "Voronezh"]
[Date "2017.06.14"]
[Round "3"]
[White "Moiseenko, Andrey"]
[Black "Khajrutdinov, Ildar"]
[Result "0-1"]
[ECO "D12"]
[WhiteElo "2010"]
[BlackElo "2087"]
[Annotator "NA RC"]
[PlyCount "110"]
[EventDate "2017.??.??"]
[EventType "swiss"]
[EventCountry "RUS"]
[SourceTitle "playchess.com"]
[Source "ChessBase"]
[SourceQuality "1"]
[TimeControl "40/5400+30:1800+30"]

1. d4 d5 2. c4 c6 3. Nf3 Nf6 4. e3 Bf5 5. Nc3 e6 6. Nh4 Bg4 7. Qb3 Qc7 {[%emt 0:01:07] LiveBook: 89 Games} 8. h3 {[%emt 0:02:04] D12: Slav Defence: 3 Nf3 Nf6 4 e3 Bf5} (8. Bd2 Bh5 9. Rc1 dxc4 10. Bxc4 Be7 11. h3 Qb6 12. g3 Nbd7 13. O-O Nd5 14. Ng2 Bg6 15. f3 O-O {½-½ (48) Aronian,L (2781)-Vallejo Pons,F (2705) Linares 2010}) 8... Bh5 9. g4 Bg6 10. Nxg6 hxg6 11. g5 Nfd7 12. f4 $146 ({Predecessor:} 12. e4 dxe4 13. Nxe4 e5 14. Be3 Na6 15. Bg2 exd4 16. Bxd4 {1-0 (41) Vaganian,R (2640)-Gagunashvili,M (2567) Mallorca 2004}) 12... Nb6 13. c5 Nc8 14. Qa4 Nd7 15. b4 Ne7 16. Bd3 Nf5 17. Bd2 Be7 18. O-O-O (18. Bxf5 $11 gxf5 19. Kf2) 18... f6 $2 (18... b6 $17 {and life is bright.}) 19. gxf6 gxf6 20. Rdg1 Kf7 21. Qc2 (21. h4 $5) 21... Rh6 22. Nd1 (22. h4 $5 Rah8 23. Be1 $11) 22... b5 (22... Rah8 $11) 23. Kb2 ({White should try} 23. Nf2 $16) 23... Rah8 24. Nf2 Qc8 25. a4 a6 26. axb5 axb5 27. Ra1 Qb7 28. Ra3 Ra8 29. Rxa8 Qxa8 30. Ra1 Qb7 31. Kc3 Rh8 32. Qa2 Rb8 33. Qa7 Ke8 34. Ra6 Qxa7 35. Rxa7 Kd8 36. e4 Nh4 (36... dxe4 $16 {is a better defense.} 37. Bxe4 (37. Nxe4 Kc8 $16) 37... Rc8) 37. exd5 exd5 {[%emt 0:00:17] [#]} 38. Ng4 ({Better is} 38. f5 $1 $18 g5 39. Ng4) 38... f5 39. Ne5 Nxe5 40. fxe5 Rc8 41. Rxe7 $2 (41. Be2 $16 {keeps the pressure on.}) 41... Kxe7 42. Bg5+ Ke6 43. Bxh4 Rh8 44. Bg5 Rxh3 45. Kd2 Rh2+ 46. Kc3 Rg2 47. Bd8 g5 48. Bf1 Rg1 49. Be2 g4 50. Kd2 (50. Bg5 $142 g3 51. Be3) 50... f4 $2 (50... g3 51. Bg5 g2) 51. Bg5 $2 (51. Bh4) 51... f3 52. Bd3 f2 53. Bh4 f1=Q 54. Bxf1 Rxf1 55. Ke3 Kf5 0-1

[Event "21st Alekhine FIDE 2017"]
[Site "Voronezh"]
[Date "2017.06.14"]
[Round "3"]
[White "Kholodov, Vladimir"]
[Black "Kozlov, Sergej A"]
[Result "0-1"]
[ECO "C04"]
[WhiteElo "1986"]
[BlackElo "2072"]
[Annotator "NA"]
[PlyCount "110"]
[EventDate "2017.??.??"]
[EventType "swiss"]
[EventCountry "RUS"]
[SourceTitle "playchess.com"]
[Source "ChessBase"]
[SourceQuality "1"]
[TimeControl "40/5400+30:1800+30"]

1. e4 e6 2. d4 d5 3. Nd2 Nc6 4. Ngf3 Nf6 5. e5 Nd7 $1 6. c3 f6 7. exf6 Qxf6 8. Bb5 Bd6 9. O-O O-O {[%emt 0:00:26] LiveBook: 18 Games} 10. Re1 {[%emt 0:01:01] C04: French Tarrasch: 3...Nc6} (10. Nb3 e5 11. c4 Nxd4 12. Nbxd4 exd4 13. cxd5 Ne5 14. Nxd4 Ng4 15. Nf3 Bc5 16. d6 cxd6 17. Qb3+ Kh8 18. Be3 {0-1 (47) Starostits,I (2415)-Lugovskoy,M (2431) Panevezys 2015}) 10... Ne7 11. Qe2 Nb6 $146 ({Predecessor:} 11... c6 12. Bd3 Nb6 13. Ne5 Bxe5 14. dxe5 Qf7 15. Nf3 h6 16. Nd4 Bd7 17. f4 c5 {1-0 (37) Erneste,I (2149)-Scheuermann,B (2229) Radebeul 2016}) 12. Ne5 Ng6 (12... Bxe5 $14 13. dxe5 Qf7) 13. Ndf3 Bxe5 14. Nxe5 Nxe5 15. dxe5 Qh4 16. b3 Bd7 17. Bd3 Be8 18. Qe3 Bg6 19. Ba3 Rf7 20. Bxg6 hxg6 21. Rad1 Nd7 22. Rd4 Qh5 23. Qg3 Rf5 24. Rh4 (24. Rg4 $5 Rxe5 25. Rf1 $14) 24... Rxe5 25. Rf1 Qf5 26. Rg4 {[%emt 0:00:45] [#]} (26. Rf4 $11 {keeps the balance.} Qc2 27. Rg4) 26... Nf6 $1 27. Rxg6 Nh5 28. Qg4 Kf7 29. Qxf5+ exf5 30. Rg5 Nf4 31. Bc5 Kf6 32. Bd4 Ne2+ 33. Kh1 Nxd4 34. cxd4 Re2 ({Not} 34... Kxg5 35. f4+ Kf6 36. dxe5+ Ke6 37. Rc1 $15) 35. f4 Rxa2 36. Re1 $2 (36. h4 {was the only chance.}) 36... Rd2 37. g4 fxg4 ({Inferior is} 37... Rxd4 38. Rxf5+ Kg6 39. Re6+ Kh7 40. Re7 $11) 38. Ree5 g6 ({Weaker is} 38... Rxd4 39. Rgf5+ Kg6 40. Kg2 $17) 39. Rxg4 Rh8 40. h4 $2 (40. Rxd5 Rhxh2+ 41. Kg1) 40... Rxd4 41. Kg2 {[%emt 0:30:45] [#]} Rxf4 $1 42. Rxf4+ Kxe5 43. Rf7 Rxh4 44. Rxc7 Rb4 45. Rc3 g5 46. Rg3 g4 47. Kf2 b5 48. Ke2 Kf4 49. Rd3 Re4+ 50. Kf2 d4 51. Rd2 Ke5 (51... g3+ $142 52. Kf1 Ke3 53. Rd1 d3 54. Kg1 Ke2 55. Rf1 d2 56. Kg2 d1=Q 57. Rxd1 Kxd1 58. Kf3 Rb4 59. Kg2 Ke2 60. Kh3 g2 61. Kxg2 Rxb3 62. Kh1 Kf2 63. Kh2 Re3 64. Kh1 Rh3#) 52. Ra2 Re3 53. b4 Kd5 $19 (53... g3+ $142 54. Kg2 Kf4 55. Rxa7 Re2+ 56. Kf1 d3 57. Rf7+ Ke4 58. Re7+ Kf5 59. Rd7 g2+ 60. Kg1 d2 61. Kh2 Re1 62. Kxg2 d1=Q 63. Rxd1 Rxd1 64. Kf3 Rd3+ 65. Ke2 Ke4 66. Kf2 Kf4 67. Ke2 Rd8 68. Kf2 Rd2+ 69. Ke1 Ke3 70. Kf1 Kf3 71. Kg1 Rd1+ 72. Kh2 Rc1 73. Kh3 Rh1#) 54. Rxa7 Kc4 55. Rd7 Re4 0-1

[Event "21st Alekhine FIDE 2017"]
[Site "Voronezh"]
[Date "2017.06.14"]
[Round "3"]
[White "Gulko, Oleg"]
[Black "Palin, Denis"]
[Result "0-1"]
[ECO "D32"]
[WhiteElo "1956"]
[BlackElo "2158"]
[Annotator "ChessBase"]
[PlyCount "78"]
[EventDate "2017.??.??"]
[EventType "swiss"]
[EventCountry "RUS"]
[SourceTitle "playchess.com"]
[Source "ChessBase"]
[SourceQuality "1"]
[TimeControl "40/5400+30:1800+30"]

1. d4 e6 2. c4 d5 3. Nc3 c5 4. Nf3 Nc6 5. e3 Nf6 6. Bd3 Be7 7. O-O dxc4 8. Bxc4 cxd4 9. exd4 O-O 10. Re1 a6 11. a3 b5 12. Ba2 Qb6 13. Be3 Ng4 14. d5 Nxe3 15. Rxe3 Na5 16. dxe6 Bxe6 17. Bxe6 fxe6 18. Qd7 Ra7 19. Qxe6+ Qxe6 20. Rxe6 Bf6 21. Ne5 Nc4 22. Nxc4 bxc4 23. Rc6 Rb7 24. Nd1 Bxb2 25. Rb1 Rfb8 26. Rxb2 Rxb2 27. Nxb2 Rxb2 28. Kf1 Ra2 29. Rxa6 c3 30. Rc6 Rxa3 31. Rc7 h6 32. Ke2 Ra2+ 33. Ke3 c2 34. h4 Kh7 35. h5 Kg8 36. g4 Kf8 37. f4 Ra3+ 38. Ke4 Ra2 39. Rc4 Ra4 0-1

[Event "21st Alekhine FIDE 2017"]
[Site "Voronezh"]
[Date "2017.06.14"]
[Round "3"]
[White "Filippov, Vladimir"]
[Black "Novikov, Sergey D"]
[Result "1/2-1/2"]
[ECO "A05"]
[WhiteElo "1882"]
[BlackElo "2061"]
[Annotator "NA RC"]
[PlyCount "120"]
[EventDate "2017.??.??"]
[EventType "swiss"]
[EventCountry "RUS"]
[SourceTitle "playchess.com"]
[Source "ChessBase"]
[SourceQuality "1"]
[TimeControl "40/5400+30:1800+30"]

1. Nf3 Nf6 2. b3 g6 3. Bb2 Bg7 4. c4 O-O 5. g3 {LiveBook: 754 Games} c5 6. Bg2 Nc6 7. O-O b6 8. d3 Bb7 9. Nbd2 {A30: Symmetrical English: Double Fianchetto and Hedgehog} e6 (9... d5 10. cxd5 Nxd5 11. Bxg7 Kxg7 12. a3 Rb8 13. e3 e6 14. Qc2 Qe7 15. Rac1 Rfd8 16. Rfd1 f6 17. Qb2 e5 {1-0 (52) Grigoriants,S (2570)-Kovalenko,I (2653) Wroclaw 2014}) 10. Ne5 d5 11. Nxc6 $146 ({Predecessor:} 11. Ndf3 Qd6 12. Nxc6 Bxc6 13. Ne5 Bb7 14. Rb1 Rad8 15. a3 Ba8 16. cxd5 exd5 17. b4 Rfe8 {0-1 (34) Kosyachenko,O-Zingaylo,A Lvov 2007}) 11... Bxc6 12. Nf3 Qe7 13. Qc2 Rfd8 14. Rfe1 (14. Ne5 $5 Bb7 15. e3 $11) 14... d4 15. b4 Ne8 16. b5 Bb7 17. a4 Qc7 18. a5 Rab8 19. axb6 axb6 20. Ra7 Nd6 21. Nd2 Ra8 22. Rea1 Rxa7 23. Rxa7 Rb8 24. Bxb7 Rxb7 25. Ra8+ Rb8 26. Qa4 Rxa8 (26... Qd8 $5 27. Ra7 e5 $11) 27. Qxa8+ Qc8 28. Qa1 e5 29. Qa7 Qb7 30. Qxb7 Nxb7 31. Bc1 Kf8 32. Nb3 Ke7 33. Kg2 Ke6 34. f3 f5 35. Bg5 h6 36. Bc1 Nd6 37. h3 g5 38. g4 Kf6 39. Ba3 Nb7 40. gxf5 Kxf5 41. Nd2 Nd6 42. Ne4 Nxe4 43. fxe4+ Kg6 44. Bc1 Bf6 45. Bd2 Bd8 46. Kf3 h5 47. Be1 Be7 48. Bg3 Kf6 49. Bf2 Kg6 50. Be1 Bd8 51. Bd2 Be7 52. Be1 Bd8 53. Bf2 Be7 54. e3 dxe3 55. Bxe3 Bd8 56. Bd2 Be7 57. Be1 Bd8 58. Bg3 Kf6 59. Bh2 Be7 60. Bg3 Ke6 $11 1/2-1/2

[Event "21st Alekhine FIDE 2017"]
[Site "Voronezh"]
[Date "2017.06.15"]
[Round "4"]
[White "Khajrutdinov, Ildar"]
[Black "Kondaurov, Yury"]
[Result "1/2-1/2"]
[ECO "A56"]
[WhiteElo "2087"]
[BlackElo "2046"]
[Annotator "NA RC"]
[PlyCount "105"]
[EventDate "2017.??.??"]
[EventType "swiss"]
[EventCountry "RUS"]
[SourceTitle "playchess.com"]
[Source "ChessBase"]
[SourceQuality "1"]
[TimeControl "40/5400+30:1800+30"]

1. d4 Nf6 2. c4 c5 3. Nf3 cxd4 4. Nxd4 e5 5. Nb5 d5 6. cxd5 $1 Bc5 7. e3 O-O 8. N5c3 e4 9. Be2 {[%emt 0:04:14] LiveBook: 125 Games} Qe7 10. Nd2 Rd8 11. Qb3 {[%emt 0:15:02] A31: Symmetrical English: 2 Nf3 Nf6 3 d4} (11. Nb3 Bb4 12. Bd2 Nxd5 13. Qc2 Nxc3 14. Bxc3 Nc6 15. O-O Bf5 16. Rfd1 Rac8 17. Rxd8+ Rxd8 18. Rc1 h6 {1-0 (45) Lafuente,P (2524)-Herraiz Hidalgo,H (2520) San Sebastian 2009}) 11... b6 $146 ({Predecessor:} 11... Nbd7 12. O-O Nb6 13. Rd1 Bf5 14. Nf1 h5 15. Ng3 Bg6 16. f4 exf3 17. Bxf3 h4 18. Nf1 Qe5 {0-1 (27) Kaniansky,M (2209)-Packa,L (2221) Slovakia 2012}) 12. Nc4 (12. Qa4 $14) 12... Nbd7 13. Bd2 Bb7 14. d6 Bxd6 15. Nxd6 Qxd6 16. Nb5 Qxd2+ 17. Kxd2 Nc5+ 18. Nd4 (18. Kc3 $5 Nd5+ 19. Kc2 Nxb3 20. Kxb3 $11) 18... Nxb3+ 19. axb3 a5 20. Rhc1 Rac8 21. Rxc8 Rxc8 22. Rc1 (22. b4 $5) 22... Rxc1 23. Kxc1 g6 24. Kc2 Kf8 25. b4 a4 (25... axb4 $11 {remains equal.} 26. Kb3 Nd5) 26. Kc3 Ke7 27. Kc4 Ba6+ 28. b5 Bb7 29. Kb4 Kd6 30. Kxa4 Kc5 31. Nb3+ Kd6 32. Kb4 Nd5+ 33. Kc4 Ke5 34. Nd4 Ne7 35. Kc3 Nd5+ 36. Kc4 (36. Kb3 $16) 36... Ne7 37. g3 f5 38. Kc3 g5 39. Bc4 Bd5 40. b3 f4 41. Kd2 h5 42. Ke2 f3+ 43. Kd2 h4 44. Bf1 hxg3 45. hxg3 Nf5 46. Nxf5 $1 Kxf5 47. Kc3 Ke5 48. Bc4 Bb7 49. Bf7 Bd5 50. Be8 Be6 51. b4 (51. Bc6 $14) 51... Bh3 52. Bc6 Be6 53. Be8 $11 1/2-1/2

[Event "21st Alekhine FIDE 2017"]
[Site "Voronezh"]
[Date "2017.06.15"]
[Round "4"]
[White "Novikov, Sergey D"]
[Black "Natarov, Ilya"]
[Result "1-0"]
[ECO "D45"]
[WhiteElo "2061"]
[BlackElo "1881"]
[Annotator "NA"]
[PlyCount "63"]
[EventDate "2017.??.??"]
[EventType "swiss"]
[EventCountry "RUS"]
[SourceTitle "playchess.com"]
[Source "ChessBase"]
[SourceQuality "1"]
[TimeControl "40/5400+30:1800+30"]

1. d4 d5 2. Nf3 Nf6 3. c4 c6 4. Nc3 e6 5. e3 Nbd7 6. Qc2 Bd6 7. Bd3 dxc4 8. Bxc4 b5 9. Be2 {D46: Semi-Slav: 5 e3 Nbd7 6 Bd3, Black avoids the Meran} Bb7 (9... O-O 10. O-O a6 11. Rd1 Qc7 12. e4 e5 13. h3 Re8 14. a3 exd4 15. Nxd4 Bh2+ 16. Kh1 Be5 17. Bf3 c5 18. Nf5 Nb6 19. Bg5 Bxf5 20. exf5 {½-½ (40) Navara,D (2751)-So,W (2778) Prague 2015}) 10. e4 e5 {LiveBook: 4 Games} 11. O-O h6 $146 ({Predecessor:} 11... O-O 12. dxe5 Nxe5 13. Nxe5 Bxe5 14. Be3 Qe7 15. Bf3 Rfe8 16. Rfe1 a6 17. Rad1 Rad8 18. Rxd8 Rxd8 19. h3 h6 20. Ne2 Qb4 21. Rb1 c5 22. Bxc5 Bxe4 23. Bxb4 Bxc2 24. Rc1 Be4 25. Bxe4 Nxe4 26. b3 {½-½ (26) Milos,G (2510)-Nogueiras Santiago,J (2560) Havana 1988}) 12. Rd1 Qc7 13. dxe5 Nxe5 14. Nd4 Ned7 (14... O-O $14) 15. g3 (15. Nf5 $18 Bxh2+ 16. Kh1) 15... O-O {[#]} 16. Bxb5 $1 Nc5 (16... cxb5 $16 17. Ndxb5 {[#]} Bxe4 $1 18. Nxc7 Bxc2 19. Rxd6 Rab8) 17. Bxc6 (17. Bc4 $18) 17... Bxc6 {[#]} 18. Ndb5 $1 Qe7 19. Nxd6 Rad8 (19... Ncxe4 $16 20. Ncxe4 Bxe4) 20. Nf5 Qb7 21. Nd5 Nfxe4 (21... Bxd5 $142 22. exd5 Nce4) 22. Nde7+ Kh8 23. Be3 Rxd1+ 24. Rxd1 Ba4 25. b3 Nxb3 26. axb3 Bxb3 $2 (26... Qxb3 27. Qxb3 Bxb3) 27. Qb2 f6 28. Ng6+ Kg8 29. Nxf8 Kxf8 30. Rb1 Qd5 31. Qa3+ Kf7 32. Qxb3 $18 (32. Qe7+ $142 Kg6 33. g4 Qf7 34. Qxe4 Qc4 35. Nd4+ Kf7 36. Rxb3 Qxb3 37. Nxb3) 1-0